 Dungeon Crawl Stone Soup version 0.17-a0-1409-ge6d9485 (webtiles) character file.

7399 Fizybubbleh the Severer (level 11, -4/99 HPs)
             Began as a Hill Orc Gladiator on June 22, 2015.
             Was an Elder of Makhleb.
             Slain by a minotaur
             ... wielding a +1 battleaxe of chopping
              (7 damage)
             ... in a labyrinth.
             The game lasted 00:55:12 (11564 turns).

Fizybubbleh the Severer (Hill Orc Gladiator)       Turns: 11564, Time: 00:55:12

Health: -4/99      AC: 14    Str: 24    XL:     11   Next: 14%
Magic:  11/11      EV:  7    Int:  8    God:    Makhleb [****..]
Gold:   614        SH:  0    Dex: 14    Spells: 0 memorised, 10 levels left

rFire  . . .     SeeInvis .     N - +0 broad axe
rCold  + . .     Clarity  .     K - +0 plate armour
rNeg   . . .     SustAt   .     (no shield)
rPois  .         Gourm    .     c - +0 helmet
rElec  .         Spirit   .     n - +1 cloak
rCorr  .         Warding  .     (no gloves)
rMut   .         Stasis   .     (no boots)
MR     .....                    (no amulet)
Stlth  ..........               (no ring)
                                z - ring of protection from cold

@: mighty, very slightly contaminated, hasted, drained, very quick, not
resistant to hostile enchantments, extremely unstealthy
A: no striking features
a: Minor Destruction, Lesser Servant of Makhleb, Major Destruction, Renounce
Religion


You were in a labyrinth.
You worshipped Makhleb.
Makhleb was greatly pleased with you.
You were not hungry.

You visited 2 branches of the dungeon, and saw 12 of its levels.
You also visited: Labyrinth, Sewer and Ossuary.

You collected 614 gold pieces.

Inventory:

Hand weapons
 a - a +0 war axe
 f - the +10 hunting sling of Naim {flame, rN+ Dex-3 SInv}
   (You found it in a sewer)

   It causes projectiles fired from it to burn those they strike, causing extra
   injury to most foes and up to half again as much damage against particularly
   susceptible opponents.
   It affects your dexterity (-3).
   It protects you from negative energy.
   It lets you see invisible.
 s - a +0 hunting sling
 L - a +0 trident
 N - a +0 broad axe (weapon)
Missiles
 d - 3 throwing nets {=f}
 t - 148 stones (quivered)
Armour
 c - a +0 helmet (worn)
 n - a +1 cloak (worn)
 o - a +2 helmet
 p - a +0 ring mail
 K - a +0 plate armour (worn)
Jewellery
 z - a ring of protection from cold (left hand)
Scrolls
 g - a scroll of brand weapon {unknown}
 h - 4 scrolls of teleportation
 k - a scroll of enchant weapon {unknown}
 l - 2 scrolls of amnesia {unknown}
 m - 5 scrolls of remove curse
 w - a scroll of noise {unknown}
 y - 3 scrolls of immolation
 A - 3 scrolls of blinking
 E - 3 scrolls of random uselessness {unknown}
 J - a scroll of enchant armour {unknown}
Potions
 j - 2 potions of curing
 r - a potion of haste
 u - 4 potions of brilliance
 x - a potion of magic
 B - a potion of flight
 C - a potion of resistance {unknown}
 H - 2 potions of cure mutation
Books
 b - a book of Hinderance

   Spells                             Type                      Level
   a - Confusing Touch                Hexes                        2
   b - Confuse                        Hexes                        3
   c - Gell's Gravitas                Hexes/Translocation          3
   d - Petrify                        Transmutation/Earth          4
   e - Metabolic Englaciation         Hexes/Ice                    5
 F - a book of the Warp

   Spells                             Type                      Level
   a - Recall                         Summoning/Translocation      3
   b - Gell's Gravitas                Hexes/Translocation          3
   c - Force Lance                    Conjuration/Translocation    4
   d - Phase Shift                    Translocation                5
   e - Warp Weapon                    Charms/Translocation         5
   f - Summon Forest                  Summoning/Translocation      5
 M - a book of Enchantments

   Spells                             Type                      Level
   a - Cause Fear                     Hexes                        4
   b - Silence                        Hexes/Air                    5
   c - Deflect Missiles               Charms/Air                   6
   d - Haste                          Charms                       6
   e - Discord                        Hexes                        8
Comestibles
 e - 3 bread rations
 q - 5 meat rations
 v - 2 beef jerkies
 D - 3 slices of pizza
 G - a royal jelly


   Skills:
 - Level 10.0(9.0) Fighting
 + Level 17.5(16.3) Axes
 - Level 2.0(1.2) Throwing
 - Level 3.5(2.6) Armour
 - Level 2.4(1.6) Dodging


You had 10 spell levels left.
You didn't know any spells.

Dungeon Overview and Level Annotations

Branches:
Dungeon (11/15)            Temple (1/1) D:7            Lair (0/8) D:11
    Orc (0/4) D:10

Altars:
Ashenzari
Cheibriados
Dithmenos
Elyvilon
Fedhas
Gozag
Kikubaaqudgha
Makhleb
Nemelex Xobeh
Okawaru
Qazlal
Ru
Sif Muna
Trog
Vehumet
Xom
Yredelemnul
Zin
The Shining One


Message History

The minotaur gores you.
You take 13 damage, and have 43/99 hp.
Your plate armour prevents you from hitting the minotaur.
Your plate armour prevents you from hitting the minotaur.
The minotaur hits you with an uncursed battleaxe of chopping!!
* * * LOW HITPOINT WARNING * * *
x2 The minotaur barely misses you.
You take 36 damage, and have 7/99 hp.
MASSIVE DAMAGE!!
You aren't carrying any items that can be evoked without being wielded.
Drink which item? (? for menu, Esc to quit)
You are confused.
You feel invigorated.
You regained 3 hp, and now have 10/99 hp.
Drink which item? (? for menu, Esc to quit)
You feel better.
You feel less invigorated.
The minotaur hits you with an uncursed battleaxe of chopping!
* * * LOW HITPOINT WARNING * * *
x2 The minotaur gores you!
You die...

#
#####.#
## # ..
. # .
#### # #
# . ## #
. . ..
.#.. #.
... ##.
. .#. ..
### #
######..
...
#.H.#. .
#### #
#@#.# #
# ..# ..
#. #.#.#
#.# .#
##.#H# .
# .#..
......#(
. # #
##.#<# .
. #. .
...#.#.
# .#
####
#.#.# .
# ## .
#.#.# #
. # #.##
.


You could see a minotaur.

Vanquished Creatures
  A troll (D:9)
  6 yaks
  A human (D:9)
  A steam dragon (D:9)
  3 hippogriffs
  Menkaure (D:5)
  6 wargs
  A water moccasin (D:6)
  5 orc warriors
  5 ogres
  4 sky beasts
  A black bear (D:8)
  2 phantoms
  2 ice beasts
  A crocodile (Sewer)
  2 centaurs
  4 big kobolds
  4 giant frogs
  3 scorpions
  5 wights (D:11)
  10 killer bees
  A quasit (D:8)
  A crimson imp (D:9)
  2 centaur zombies
  A human zombie (Ossuary)
  6 orc priests
  Ijyb (D:2)
  A giant frog skeleton (D:5)
  6 hounds
  Jessica (D:3)
  3 iguanas
  6 orc wizards
  6 worker ants
  A killer bee zombie (D:7)
  A big kobold zombie (Ossuary)
  3 hound zombies
  A hound skeleton (D:8)
  2 mummies (Ossuary)
  7 adders
  4 gnolls (D:6)
  2 shadow imps (D:7)
  3 adder skeletons
  4 adder zombies
  4 worms
  3 giant geckos
  47 orcs
  A ball python (D:3)
  21 bats
  2 bat zombies
  3 giant cockroaches
  9 goblins
  13 hobgoblins
  4 jackals (D:3)
  21 kobolds
  6 quokkas
  4 giant newts
  A goblin zombie (Ossuary)
  9 hobgoblin zombies (Ossuary)
  4 jackal zombies (Ossuary)
  12 kobold zombies (Ossuary)
  6 orc zombies (Ossuary)
  15 rats
316 creatures vanquished.

Notes
Turn   | Place    | Note
--------------------------------------------------------------
     0 | D:1      | Fizybubbleh the Hill Orc Gladiator began the quest for the Orb.
     0 | D:1      | Reached XP level 1. HP: 18/18 MP: 1/1
   110 | D:1      | Reached XP level 2. HP: 20/25 MP: 2/2
   250 | D:1      | Reached skill level 5 in Axes
   724 | D:1      | Reached XP level 3. HP: 30/30 MP: 3/3
  1135 | D:2      | Found a blossoming altar of Fedhas.
  1299 | D:2      | Noticed Ijyb
  1340 | D:2      | Killed Ijyb
  1340 | D:2      | Reached skill level 6 in Axes
  1340 | D:2      | Reached XP level 4. HP: 25/37 MP: 4/4
  1482 | D:2      | Found a glowing silver altar of Zin.
  1490 | D:2      | Found a blossoming altar of Fedhas.
  1490 | D:2      | Found a radiant altar of Vehumet.
  1922 | D:3      | Noticed Jessica
  2237 | D:3      | Reached skill level 7 in Axes
  2251 | D:3      | Killed Jessica
  2251 | D:3      | Reached XP level 5. HP: 26/42 MP: 5/5
  2439 | D:3      | Found a glowing drain.
  2458 | Sewer    | Entered a sewer
  2577 | Sewer    | Noticed a crocodile
  2589 | Sewer    | Killed a crocodile
  2589 | Sewer    | Reached skill level 8 in Axes
  2589 | Sewer    | Reached XP level 6. HP: 30/50 MP: 6/6
  2672 | Sewer    | Got a fine hunting sling
  2673 | Sewer    | Identified the +10 hunting sling of Naim {flame, rN+ Dex-3 SInv} (You found it in a sewer)
  2751 | D:3      | Found a shattered altar of Ashenzari.
  2886 | D:3      | Reached skill level 9 in Axes
  3827 | D:5      | Entered Level 5 of the Dungeon
  3910 | D:5      | Reached skill level 10 in Axes
  3910 | D:5      | Reached XP level 7. HP: 56/56 MP: 7/7
  4257 | D:5      | Noticed a hippogriff
  4266 | D:5      | Killed a hippogriff
  4269 | D:5      | Reached skill level 11 in Axes
  4282 | D:5      | Found a glowing golden altar of the Shining One.
  4510 | D:5      | Reached XP level 8. HP: 62/62 MP: 8/8
  4713 | D:5      | Reached skill level 12 in Axes
  4726 | D:5      | Found a bloodstained altar of Trog.
  4764 | D:5      | Noticed Menkaure
  4769 | D:5      | Killed Menkaure
  5120 | D:6      | Reached skill level 13 in Axes
  5651 | D:7      | Found a sand-covered staircase.
  5656 | Ossuary  | Entered an ossuary
  5833 | Ossuary  | Reached skill level 14 in Axes
  5986 | D:7      | Found a shadowy altar of Dithmenos.
  5990 | D:7      | Reached XP level 9. HP: 47/68 MP: 9/9
  6360 | D:7      | Found a staircase to the Ecumenical Temple.
  6369 | Temple   | Entered the Ecumenical Temple
  6408 | Temple   | Became a worshipper of Makhleb the Destroyer
  6490 | D:7      | Reached skill level 15 in Axes
  6842 | D:7      | Acquired Makhleb's first power
  7424 | D:7      | Reached skill level 16 in Axes
  7685 | D:8      | Acquired Makhleb's second power
  7703 | D:8      | Reached skill level 5 in Fighting
  8178 | D:8      | Reached XP level 10. HP: 83/83 MP: 10/10
  8621 | D:8      | Found a deep blue altar of Sif Muna.
  9460 | D:9      | Found a shimmering altar of Xom.
  9461 | D:9      | Found a sparkling altar of Nemelex Xobeh.
  9617 | D:10     | Entered Level 10 of the Dungeon
  9685 | D:10     | Found a staircase to the Orcish Mines.
  9712 | D:9      | Reached skill level 10 in Fighting
  9756 | D:10     | Reached skill level 1 in Armour
  9778 | D:9      | Acquired Makhleb's third power
  9817 | D:9      | Found an opulent altar of Gozag.
 10431 | D:10     | Noticed an orc knight
 10605 | D:10     | Reached XP level 11. HP: 99/99 MP: 11/11
 10662 | D:10     | Reached skill level 17 in Axes
 10663 | D:10     | Acquired Makhleb's fourth power
 10722 | D:10     | Noticed an orc warlord
 10889 | D:10     | Noticed a hill giant
 11240 | D:11     | Found a labyrinth entrance.
 11244 | D:11     | Noticed an orc knight
 11281 | D:11     | Found a staircase to the Lair.
 11293 | Lab      | Entered a labyrinth
 11540 | Lab      | Noticed a minotaur
 11564 | Lab      | HP: 4/99 [minotaur/uncursed battleaxe of chopping (16)]
 11564 | Lab      | Slain by a minotaur

Vault maps used:
D:1:      matt_arrival_spirals, hangedman_abyss_or_decor_stabs, minivault_11
D:2:      minitemple, minmay_misc_feat_columns, fedhas_altar_2, uniq_iyjb
D:3:      overflow_temple_1_default, portal_sewer_entry_d, grunt_ministairs_8,
          uniq_jessica
D:4:      first_bread
D:5:      lemuel_coloured_pillars_altar, nicolae_tso_carved_into_rock,
          uniq_menkaure
D:7:      lemuel_doored_altar, minmay_temple_entry_purple_smoke,
          nicolae_ossuary_entry_false_entrances
D:8:      lemuel_blue_sif_altar
D:9:      nicolae_overflow_hidden_temple
D:10:     lemuel_castle_with_subvaults, erik_orc_4
D:11:     dpeg_lair_monsters, lab_entry_generic, hangedman_pestilent_swarm,
          kennysheep_generic_room_9
Temple:   minmay_temple_bridge_a_8
Lab:      labyrinth_mini_lab, nicolae_lab_checkerboard, lab_hedge,
          nicolae_lab_blocks, nicolae_lab_dead_end
Sewer:    sewer_big_baddie
Ossuary:  ossuary_tomb_1

Action                   |  1- 3 |  4- 6 |  7- 9 | 10-12 || total
-------------------------+-------+-------+-------+-------++-------
Melee: War axe           |    80 |   120 |    75 |    89 ||   364
       Broad axe         |       |       |       |   139 ||   139
 Fire: Hunting sling     |     6 |    25 |   316 |   114 ||   461
Throw: Stone             |     8 |       |       |       ||     8
       Throwing net      |     1 |       |       |       ||     1
  Use: Scroll            |       |     6 |    11 |     4 ||    21
       Potion            |       |     1 |     2 |     7 ||    10
 Stab: Sleeping          |     1 |       |       |       ||     1
  Eat: Chunk             |     1 |     8 |     8 |     5 ||    22
       Bread ration      |       |       |     1 |     1 ||     2
       Meat ration       |       |       |       |     1 ||     1
